Map: Ascension to Aiur LE

Players

Strange - Winner!

  • Race: Protoss Protoss
  • Spawn Location: 11:00

Indy

  • Race: Protoss Protoss
  • Spawn Location: 5:00

Event: WCS Valencia 2017

VOD

Have the link to the VOD?

Description

Time

  • Played on: July 13, 2017, 6:48 a.m.
  • Length: 9:19

All games in this series

Show
View Real Time Build Order
Export as new Build Order

Strange Protoss - Winner!

Build Orders:  

Get SALT Encoding   

  12  0:01  Probe (Chrono Boost)  
  13  0:11  Probe (Chrono Boost)  
  14  0:17  Pylon  
  14  0:22  Probe (Chrono Boost)  
  15  0:38  Probe (Chrono Boost), Gateway  
  16  0:43  Assimilator  
  16  0:49  Probe (Chrono Boost)  
  17  0:52  Assimilator  
  17  0:59  Probe (Chrono Boost)  
  18  1:07  Gateway  
  18  1:10  Probe (Chrono Boost)  
  19  1:20  Probe (Chrono Boost)  
  19  1:25  Cybernetics Core  
  20  1:31  Probe (Chrono Boost)  
  21  1:36  Pylon  
  21  1:42  Probe (Chrono Boost)  
  22  1:52  Probe (Chrono Boost)  
  23  2:03  Mothership Core (Chrono Boost)  
  23  2:04  Stalker, Warp Gate (Chrono Boost)  
  27  2:11  Stalker  
  29  2:18  Pylon  
  29  2:21  Probe (Chrono Boost)  
  30  2:33  Probe  
  31  2:40  Stalker  
  31  2:41  Stalker  
  35  3:05  Nexus  
  35  3:08  Probe  
  38  3:12  Sentry  
  38  3:17  Pylon  
  38  3:29  Probe  
  38  3:33  Robotics Facility  
  39  3:41  Probe (Chrono Boost)  
  40  3:53  Probe (Chrono Boost), Twilight Council  
  41  3:55  Sentry  
  43  4:04  Probe (Chrono Boost)  
  44  4:17  Probe x2 (Chrono Boost)  
  44  4:20  Observer (Chrono Boost)  
  47  4:25  Forge  
  47  4:28  Probe  
  47  4:29  Probe  
  47  4:30  Blink (Chrono Boost)  
  49  4:35  Pylon  
  49  4:38  Observer  
  49  4:40  Probe  
  49  4:41  Probe  
  52  4:52  Probe  
  53  4:53  Probe, Assimilator  
  53  4:59  Protoss Ground Weapons Level 1 (Chrono Boost)  
  54  5:04  Probe  
  54  5:05  Probe  
  56  5:07  Nexus  
  56  5:12  Immortal  
  56  5:16  Probe  
  56  5:17  Probe  
  62  5:26  Assimilator  
  62  5:28  Probe  
  63  5:29  Pylon, Probe  
  64  5:40  Probe  
  64  5:41  Sentry, Gateway  
  67  5:43  Probe  
  67  5:44  Gateway  
  67  5:49  Immortal  
  68  5:52  Probe  
  68  5:56  Probe  
  74  6:04  Probe, Pylon  
  74  6:08  Probe  
  76  6:16  Probe  
  77  6:18  Probe  
  77  6:19  Gateway  
  77  6:20  Probe  
  77  6:22  Gateway  
  77  6:24  Immortal  
  79  6:29  Probe x2  
  85  6:38  Pylon  
  86  6:43  Protoss Ground Weapons Level 2 (Chrono Boost)  
  85  6:49  Gateway  
  85  6:50  Probe  
  85  6:51  Probe x2, Gateway  
  88  7:01  Stalker  
  88  7:02  Stalker x2  
  88  7:03  Stalker  
  96  7:11  Warp Prism  
  96  7:12  Pylon  
  96  7:17  Pylon  
  96  7:20  Stalker  
  96  7:21  Stalker  
  96  7:22  Probe  
  103  7:26  Stalker  
  103  7:27  Stalker  
  107  7:31  Pylon  
  107  7:46  Stalker x6  
  119  7:57  Pylon  
  119  8:01  Pylon  
  119  8:16  Stalker x4  
  119  8:17  Stalker x3  
  133  8:21  Stalker  
  125  8:42  Stalker x7  
  117  8:58  Stalker  
  103  9:06  Stalker x6  
Show
View Real Time Build Order
Export as new Build Order

Indy Protoss 

Build Orders:  

Get SALT Encoding   

  12  0:00  Probe (Chrono Boost)  
  13  0:11  Probe (Chrono Boost)  
  14  0:17  Pylon  
  14  0:22  Probe (Chrono Boost)  
  15  0:36  Probe (Chrono Boost), Gateway  
  15  0:42  Assimilator  
  16  0:46  Probe (Chrono Boost)  
  17  0:51  Assimilator  
  18  0:57  Probe (Chrono Boost)  
  18  1:05  Gateway  
  18  1:07  Probe (Chrono Boost)  
  19  1:18  Probe (Chrono Boost)  
  20  1:24  Cybernetics Core  
  20  1:28  Probe (Chrono Boost)  
  21  1:36  Pylon  
  21  1:39  Probe (Chrono Boost)  
  22  1:49  Probe (Chrono Boost)  
  23  2:00  Stalker, Warp Gate (Chrono Boost)  
  23  2:01  Mothership Core (Chrono Boost)  
  27  2:09  Stalker  
  29  2:16  Pylon  
  29  2:19  Probe (Chrono Boost)  
  30  2:39  Nexus  
  30  2:43  Probe  
  31  2:47  Sentry  
  33  2:54  Stalker  
  33  2:58  Probe  
  36  3:07  Pylon  
  36  3:10  Probe  
  37  3:22  Probe  
  36  3:34  Probe (Chrono Boost), Robotics Facility  
  36  3:37  Twilight Council  
  37  3:45  Probe (Chrono Boost)  
  38  3:51  Probe (Chrono Boost)  
  39  3:56  Probe (Chrono Boost)  
  39  3:59  Stalker  
  39  4:01  Stalker  
  39  4:02  Probe (Chrono Boost)  
  45  4:06  Probe (Chrono Boost)  
  46  4:12  Probe (Chrono Boost)  
  46  4:13  Blink  
  47  4:18  Probe (Chrono Boost)  
  47  4:21  Observer  
  47  4:23  Probe (Chrono Boost)  
  50  4:26  Assimilator  
  50  4:28  Probe (Chrono Boost), Assimilator  
  51  4:33  Probe (Chrono Boost)  
  51  4:35  Sentry  
  54  4:39  Probe (Chrono Boost), Pylon  
  54  4:43  Probe (Chrono Boost)  
  56  4:49  Probe  
  56  4:51  Immortal (Chrono Boost)  
  61  4:53  Probe  
  61  4:58  Forge  
  62  5:01  Probe  
  62  5:05  Sentry  
  65  5:12  Stalker  
  67  5:14  Probe  
  68  5:27  Pylon  
  68  5:30  Protoss Ground Weapons Level 1 (Chrono Boost)  
  68  5:36  Nexus  
  68  5:39  Probe  
  69  5:46  Immortal  
  73  5:51  Gateway  
  73  5:52  Gateway  
  73  6:01  Stalker x2  
  73  6:02  Pylon  
  73  6:03  Probe  
  78  6:13  Robotics Bay  
  78  6:18  Probe  
  78  6:20  Probe  
  78  6:24  Stalker x2  
  84  6:32  Pylon  
  86  6:39  Probe  
  84  6:40  Probe, Gateway  
  86  6:49  Sentry x2  
  86  6:50  Probe (Chrono Boost), Stalker  
  86  6:52  Probe (Chrono Boost)  
  98  6:59  Probe (Chrono Boost)  
  99  7:02  Probe (Chrono Boost)  
  99  7:04  Probe (Chrono Boost)  
  101  7:10  Probe (Chrono Boost)  
  101  7:12  Probe (Chrono Boost)  
  101  7:14  Robotics Facility  
  103  7:17  Warp Prism  
  103  7:19  Probe (Chrono Boost)  
  103  7:21  Probe (Chrono Boost)  
  103  7:23  Probe (Chrono Boost), Photon Cannon  
  104  7:35  Probe (Chrono Boost)  
  104  7:36  Gateway  
  105  7:37  Pylon, Gateway  
  105  7:40  Pylon, Gateway  
  105  7:50  Probe x3 (Chrono Boost)  
  108  7:51  Assimilator  
  108  7:55  Disruptor (Chrono Boost)  
  108  7:56  Assimilator  
  111  8:05  Disruptor (Chrono Boost)  
  111  8:08  Photon Cannon  
  111  8:10  Nexus  
  111  8:12  Pylon  
  114  8:26  Stalker  
  114  8:27  Stalker x3  
  120  8:28  Disruptor (Chrono Boost)  
  123  8:37  Stalker  
  119  8:43  Zealot x2  
  119  8:44  Probe x2  
  112  8:48  Zealot  
  112  8:49  Zealot  
  112  8:50  Zealot, Pylon  
  97  8:56  Probe x2, Stalker x2  
  89  9:06  Stalker  
  89  9:08  Zealot  
Tags
 
Add a new tag
Caveats
  • Supply blocks, unpowered buildings, or Contaminate may cause inaccurate times.
  • Supply counts are checked every 10 seconds.